AoeStats
← zicolone

Arena

508748370Analyzed
4v4 RM · 8d ago on Sep 23, 2026· 74m 13s· 8 players
Game mode
Random Map
Map size
Large (8 player)
Population
200
Speed
Normal
Resources
Standard
Victory
Conquest
Starting age
Dark Age
Ending age
Imperial Age
RankedLock teamsTeams togetherTeam positionsShared explorationLock speedFull tech treeHidden civsTurbo modeCheats
Victory
Defeat
🇺🇸 Sicilians · United States
1146
+15
🇦🇷 Franks · Argentina
1129
+16
🇦🇷 Saxons · Argentina
1096
+18
🇨🇦 Slavs · Canada
1025
+20
🇺🇸 Magyars · United States
1170
-19
🇺🇸 Koreans · United States
1152
-18
🇫🇷 Italians · France
1145
-18
🇩🇪 Berbers · Germany
1054
-14
Mortadela
10:53 Feudal Age
15:39 Castle Age
14:49 Double-Bit Axe
15:59 Loom
20:12 Bow Saw
22:24 Horse Collar
29:50 Gambesons
31:02 Squires
32:29 Wheelbarrow
32:16 Scale Mail Armor
33:17 Arson
33:51 Hand Cart
34:46 Chain Mail Armor
34:38 Heavy Plow
35:27 Forging
38:33 Imperial Age
37:28 Iron Casting
38:47 Elite Varangian Guard
39:54 Conscription
38:56 Shield Wall
40:52 Plate Mail Armor
40:24 Shield Wall
41:24 Conscription
41:22 Town Watch
42:59 Fortified Wall
43:58 Pikeman
45:58 Two-Man Saw
44:28 Halberdier
TOE KNEE SAI
4:19 Loom
10:10 Feudal Age
16:22 Castle Age
14:21 Horse Collar
14:53 Double-Bit Axe
17:00 Man-at-Arms
18:03 Bow Saw
26:15 Heavy Plow
28:25 Wheelbarrow
28:13 Pikeman
30:34 Stone Mining
31:57 Fortified Wall
32:15 Gold Mining
33:01 Scale Mail Armor
33:11 Forging
34:07 Hand Cart
38:02 Imperial Age
36:39 Chain Mail Armor
38:28 Iron Casting
39:22 Plate Mail Armor
40:54 Halberdier
42:25 Siege Engineers
43:21 Chemistry
42:16 Murder Holes
43:10 Squires
44:28 Gold Shaft Mining
45:01 Two-Man Saw
44:33 Crop Rotation
45:10 Blast Furnace
46:05 Druzhina
49:16 Detinets
51:32 Bloodlines
50:43 Light Cavalry
51:26 Husbandry
50:47 Cavalier
52:53 Scale Barding Armor
55:14 Hussar
57:12 Chain Barding Armor
Krimzon
9:41 Feudal Age
13:48 Castle Age
13:00 Double-Bit Axe
14:44 Bow Saw
14:19 Horse Collar
16:37 Scale Mail Armor
18:28 Forging
19:53 Wheelbarrow
20:12 Chain Mail Armor
20:46 Gold Mining
21:14 Forging
27:06 Iron Casting
28:52 Hand Cart
30:58 Heavy Plow
31:18 Fletching
32:56 Gold Shaft Mining
32:20 Bodkin Arrow
32:27 Stone Mining
32:53 Masonry
35:37 Imperial Age
33:49 Ballistics
33:27 Murder Holes
36:45 First Crusade
36:44 Bracer
37:15 Plate Mail Armor
37:46 Blast Furnace
36:34 Arrowslits
37:50 Chemistry
37:17 Conscription
36:17 Elite Serjeant
37:22 Conscription
39:35 Stone Shaft Mining
44:14 Siege Engineers
Pablo
10:27 Feudal Age
15:51 Castle Age
31:25 Imperial Age
29:06 Scale Barding Armor
30:59 Chain Barding Armor
31:35 Wheelbarrow
31:56 Husbandry
32:04 Double-Bit Axe
31:44 Cavalier
32:49 Conscription
33:41 Chivalry
35:50 Plate Barding Armor
35:26 Forging
36:17 Pikeman
36:58 Squires
50:14 Scale Mail Armor
53:22 Halberdier
55:19 Chain Mail Armor
57:47 Plate Mail Armor
60:44 Arson
butterflyfriends
10:46 Feudal Age
15:56 Castle Age
13:53 Horse Collar
14:13 Double-Bit Axe
14:59 Gold Mining
16:27 Crossbowman
17:09 Fletching
20:43 Bodkin Arrow
21:35 Bow Saw
25:55 Stone Mining
27:32 Heavy Plow
29:52 Wheelbarrow
33:24 Imperial Age
31:19 Pikeman
32:00 Squires
31:23 Pikeman
32:04 Squires
32:06 Scale Mail Armor
32:17 Forging
34:00 Chain Mail Armor
34:23 Iron Casting
33:29 Capped Ram
35:08 Bracer
35:17 Scale Barding Armor
35:45 Plate Mail Armor
36:20 Hand Cart
35:51 Loom
36:13 Arbalester
36:58 Thumb Ring
36:56 Bracer
40:02 Halberdier
42:37 Arrowslits
42:50 Murder Holes
43:56 Chemistry
44:05 Ballistics
51:28 Elite Fire Lancer
Trampstamp4ever
10:29 Feudal Age
14:43 Castle Age
12:33 Horse Collar
13:07 Double-Bit Axe
20:58 Bow Saw
23:17 Wheelbarrow
23:40 Heavy Plow
23:50 Loom
25:30 Hand Cart
29:49 Imperial Age
27:55 Scale Barding Armor
28:57 Chain Barding Armor
28:28 Fletching
29:03 Bloodlines
28:14 Light Cavalry
28:55 Husbandry
29:58 Cavalier
32:16 Plate Barding Armor
31:26 Paladin
32:50 Hussar
33:37 Bodkin Arrow
33:52 Town Watch
36:06 Chemistry
37:48 Coinage
39:58 Elite Magyar Huszar
40:06 Capped Ram
41:10 Bracer
41:46 Recurve Bow
46:13 Banking
47:53 Siege Engineers
48:08 Ballistics
47:28 Treadmill Crane
48:42 Conscription
54:18 Corvinian Army
66:11 Masonry
72:45 Padded Archer Armor
zicolone
11:41 Feudal Age
13:28 Double-Bit Axe
16:05 Castle Age
13:54 Horse Collar
19:53 Bloodlines
19:50 Scale Barding Armor
22:37 Bow Saw
22:47 Town Watch
24:45 Heavy Plow
25:49 Forging
27:43 Iron Casting
30:43 Gold Mining
30:44 Stone Mining
30:54 Loom
32:02 Husbandry
31:56 Fletching
33:55 Wheelbarrow
34:34 Padded Archer Armor
34:29 Bodkin Arrow
38:35 Imperial Age
36:33 Hand Cart
36:48 Kasbah
36:40 Light Cavalry
37:42 Chain Barding Armor
38:41 Leather Archer Armor
39:41 Bracer
40:13 Conscription
40:33 Elite Camel Archer
42:11 Ballistics
42:51 Chemistry
43:54 Plate Barding Armor
44:20 Blast Furnace
45:41 Capped Ram
50:21 Hussar
51:58 Maghrebi Camels
53:02 Scale Mail Armor
53:33 Ring Archer Armor
59:48 Elite Genitour
olDirty
10:30 Feudal Age
11:42 Double-Bit Axe
14:25 Castle Age
12:19 Horse Collar
15:39 Bow Saw
15:31 Heavy Plow
18:59 Wheelbarrow
20:37 Gold Mining
21:26 Hand Cart
29:30 Loom
31:29 Fletching
31:40 Padded Archer Armor
34:25 Bodkin Arrow
36:06 Town Watch
39:39 Imperial Age
39:30 Leather Archer Armor
39:17 Scale Mail Armor
39:28 Forging
41:17 Conscription
42:44 Thumb Ring
47:11 Guilds
47:23 Ballistics
48:04 Chemistry
47:58 Elite Skirmisher
49:02 Town Patrol
49:52 Crop Rotation
50:29 Two-Man Saw
51:12 Crossbowman
52:35 Elite Genitour
54:14 Husbandry
54:24 Bloodlines
53:36 Light Cavalry
55:20 Squires
55:49 Scale Mail Armor
55:59 Forging
55:51 Bracer
57:15 Hussar
58:06 Scale Barding Armor
58:37 Iron Casting
64:53 Chain Barding Armor
67:36 Man-at-Arms
68:03 Arson
68:38 Long Swordsman
69:40 Chain Mail Armor
70:26 Blast Furnace
70:55 Plate Mail Armor
72:58 Two-Handed Swordsman
74:40 Ring Archer Armor
Connection lost

Rejoining the realm…

Still unreachable

The connection could not be restored.

Session expired

The server has moved on; the page needs a fresh start.